 Dungeon Crawl Stone Soup version 0.27.0-1-g7a089689b8 (webtiles) character file.

Game seed: 13331930157546881477

361 inmateoo the Insei (level 6, -9/73 HPs)
             Began as a Demonspawn Monk on July 31, 2021.
             Mangled by Sigmund (22 damage)
             ... on level 4 of the Dungeon.
             The game lasted 00:07:51 (4614 turns).

inmateoo the Insei (Demonspawn Monk)                Turns: 4614, Time: 00:07:51

Health: -9/73      AC: 23    Str: 14    XL:     6   Next: 38%
Magic:  6/6        EV:  2    Int: 11    God:
Gold:   84         SH:  0    Dex: 15    Spells: 5/5 levels left

rFire    . . .     SeeInvis .     - Unarmed
rCold    . . .     Faith    .   (no shield)
rNeg     + + +     Spirit   .   (armour currently unavailable)
rPois    +         Reflect  .   (helmet currently unavailable)
rElec    .         Harm     .   (cloak currently unavailable)
rCorr    .         Rampage  .   (gloves currently unavailable)
Will     +....     NoTele   +   (boots currently unavailable)
Stlth    ++........             (no amulet)
HPRegen  0.22/turn              e - ring of willpower
MPRegen  0.10/turn              (no ring)

@: tree-form, on berserk cooldown, slowed, very slow
A: stationary, stasis, torment immunity, boosted hp, (horns 1), powered by pain
1
a: no special abilities


You were on level 4 of the Dungeon.
You were a tree.
You visited 1 branch of the dungeon, and saw 5 of its levels.
You visited the Abyss 1 time.

You collected 168 gold pieces.
You spent 84 gold pieces at shops.

Inventory:

Missiles
 a - 5 boomerangs
 b - 20 poisoned darts (quivered)
Armour
 h - a +0 chain mail (melded)
 n - a +0 pair of boots (melded)
 o - a +0 pair of gloves
Jewellery
 e - a ring of willpower (left branch)
Scrolls
 g - a scroll of blinking
 j - a scroll of enchant armour {unknown}
 k - a scroll of enchant weapon {unknown}
Potions
 c - 2 potions of flight
 d - 2 potions of resistance {unknown}
 f - a potion of curing
 m - 2 potions of might


   Skills:
 + Level 4.7 Fighting
 - Level 3.0 Dodging
 - Level 1.7 Stealth
 * Level 5.5 Unarmed Combat


You had 5 spell levels left.
You didn't know any spells.
Your spell library was empty.

Dungeon Overview and Level Annotations

Branches:
Dungeon (5/15)
 Temple: D:4-7

Altars:

Shops:
D:3 !

Annotations:
D:4 Sigmund


Innate Abilities, Weirdness & Mutations

You are a tree.
Your roots penetrate the ground, keeping you stationary.
You cannot be teleported.
You are immune to unholy pain and torment.
Your maximum health is greatly increased.
Your equipment is partially melded.
((You have a pair of small horns on your head.))
You sometimes gain a little power by taking damage.


Message History

The large abomination hits you!!
Ouch! That really hurt!
You punch the large abomination! You headbutt the large abomination.
The large abomination is severely damaged.
You punch the large abomination! You headbutt the large abomination.
You destroy the large abomination!
You have reached level 6!
Your experience leads to an increase in your attributes!
Increase (S)trength, (I)ntelligence, or (D)exterity?
You feel stronger.
The substance of the Abyss twists violently, and a gateway leading out appears!
There is a gateway leading out of the Abyss here.
You feel a strong urge to attack something.
There is a gateway leading out of the Abyss here.
You feel your anger nearly subside.
You are no longer berserk.
You are exhausted.
You feel yourself slow down.
You pass through the gate.
Welcome back to the Dungeon!
Level annotation: Sigmund Unknown command.
Unknown command.
Okay, then.
Sigmund barely misses you.
Sigmund hits you with a +1 scythe of distortion!
* * * LOW HITPOINT WARNING * * *
You blink.
Really quaff the potion of lignification?
You turn into a tree.
Your +0 pair of boots melds into your body.
Your +0 chain mail melds into your body.
Your roots penetrate the ground.
Sigmund hits you but does no damage. Space warps horribly around you!
* * * LOW HITPOINT WARNING * * *
Unknown command.
You feel better.
Sigmund hits you with a +1 scythe of distortion.
* * * LOW HITPOINT WARNING * * *
Sigmund hits you but does no damage. Space warps horribly around you!!
You die...

........# #......##...#.#.#.#.#.#
.......[# #......#....#.#.#......
........# #####..#.##.#.#.#......
........# #..#..#.#.....#....
........# #..#..#.###.#.#.###
#.....### #..#..#.# #.#.#.#
......#########..#..#.# #.#.#.#
......'..........####.###.#.#.#
...†..##########♣@>.(...#.......#
#.......# #.....(..#.###.#.#..
........# #+######## .........
........# ......... ........#
......... ........# .........
........# ......... ....<....
......... .......### ###..


You could see Sigmund.

Vanquished Creatures
  A large abomination (Abyss:1)
  A scorpion (D:5)
  An orc wizard (D:3)
  4 adders
  2 worms (D:2)
  A dart slug (D:3)
  13 orcs (D:3)
  7 ball pythons
  6 endoplasms
  4 giant cockroaches
  3 goblins
  10 hobgoblins
  7 jackals
  2 quokkas
  6 bats
  2 frilled lizards
  12 kobolds
  2 rats (D:3)
84 creatures vanquished.

Vanquished Creatures (others)
  An orc wizard (D:3)
1 creature vanquished.

Grand Total: 85 creatures vanquished

Notes
Turn   | Place    | Note
-------+----------+-------------------------------------------
     0 | D:1      | inmateoo the Demonspawn Monk began the quest for the Orb.
     0 | D:1      | Reached XP level 1. HP: 18/18 MP: 1/1
   171 | D:1      | Found a faded altar of an unknown god.
   336 | D:1      | Reached skill level 3 in Unarmed Combat
   336 | D:1      | Gained mutation: You sometimes gain a little power by
                  | taking damage. [demonic ancestry]
   336 | D:1      | Reached XP level 2. HP: 21/24 MP: 2/2
  1155 | D:2      | Reached XP level 3. HP: 26/29 MP: 3/3
  2729 | D:3      | Reached XP level 4. HP: 34/36 MP: 4/4
  3105 | D:3      | Reached skill level 4 in Unarmed Combat
  3136 | D:3      | Gained mutation: You have a pair of small horns on your
                  | head. [demonic ancestry]
  3136 | D:3      | Reached XP level 5. HP: 4/42 MP: 5/5
  3137 | D:3      | HP: 2/42 [poisoned by an adder]
  3535 | D:3      | Found Jetuim's Distillery.
  3543 | D:3      | Bought a potion of lignification for 36 gold pieces
  3543 | D:3      | Bought a potion of might for 48 gold pieces
  4090 | D:3      | You fall into a shaft and drop 2 floors!
  4090 | D:5      | Entered Level 5 of the Dungeon
  4100 | D:5      | Reached skill level 5 in Unarmed Combat
  4493 | D:4      | Noticed Sigmund
  4506 | D:4      | Cast into level 1 of the Abyss (Sigmund)
  4553 | Abyss:1  | Noticed a large abomination
  4555 | Abyss:1  | Noticed a large abomination
  4596 | Abyss:1  | Noticed a large abomination
  4606 | Abyss:1  | Killed a large abomination
  4607 | Abyss:1  | Reached XP level 6. HP: 24/49 MP: 6/6
  4611 | D:4      | Escaped the Abyss
  4614 | D:4      | Mangled by Sigmund

Illustrated notes

Levels and vault maps discovered:
D:1:      dpeg_arrival_rooms_b, layout_loops_cross,
          hellmonk_ecumenical_altar_blasted
D:2:      layout_basic, minmay_misc_feat_more_columns, minmay_tetromino_l2
D:3:      layout_basic, serial_shops, shop, minmay_unequal
D:4:      cheibrodos_old_hovel, layout_basic, uniq_sigmund
D:5:      layout_cave_pods, uniq_grinder

Skill      XL: |  1  2  3  4  5 |
---------------+----------------+-----
Unarmed Combat | 3 4 5 |  5.5
Dodging        | 3 |  3.0
Fighting       | 4 |  4.7
Stealth        | |  1.7

Action                   |  1- 3 |  4- 6 || total
-------------------------+-------+-------++-------
Melee: Unarmed           |   210 |   155 ||   365
       Punch             |     1 |     1 ||     2
       Headbutt          |       |    23 ||    23
Throw: Dart              |    11 |    20 ||    31
       Boomerang         |       |    29 ||    29
  Use: Scroll            |     4 |     4 ||     8
       Potion            |       |     3 ||     3
Armor: Scale mail        |    25 |       ||    25
       Chain mail        |    97 |    85 ||   182
       Skin              |       |     2 ||     2
Dodge: Dodged            |    76 |    40 ||   116
